 Dungeon Sprint DCSS version 0.19-a0-1895-g783e625 (webtiles) character file.

79 poirepourri the Ruffian (level 4, 0/35 HPs)
             Began as a Draconian Transmuter on Oct 18, 2016.
             Slain by Sigmund
             ... wielding a +0 scythe
              (10 damage)
             ... in the Dungeon (Sprint I: "Red Sonja").
             The game lasted 00:02:52 (755 turns).

poirepourri the Ruffian (Draconian Transmuter)       Turns: 755, Time: 00:02:52

Health: 0/35       AC:  5    Str: 13    XL:     4   Next: 16%
Magic:  2/9        EV: 13    Int: 13    God:
Gold:   54         SH:  0    Dex: 12    Spells: 4 memorised, 0 levels left

rFire  . . .     SeeInvis .       - Unarmed
rCold  . . .     Gourm    .     (armour unavailable)
rNeg   . . .     Faith    .     (no shield)
rPois  .         Spirit   .     (helmet restricted)
rElec  .         Reflect  .     (no cloak)
rCorr  .         Harm     .     (no gloves)
MR     .....     NoTele   +     (no boots)
Stlth  +.........               (no amulet)
                                (no ring)
                                (no ring)

@: exhausted, slowed, very slow
A: unfitting armour, cold-blooded, AC +5
a: no special abilities


You were in the Dungeon.
You were not hungry.

You visited 1 branch You collected 54 gold pieces.

Inventory:

Missiles
 a - an arrow
Scrolls
 i - a scroll of blinking
Potions
 d - a potion of curing
 f - a potion of haste
 g - a potion of magic
Books
 b - a book of Changes

   Spells                             Type                      Level
   a - Beastly Appendage              Transmutation                1
   b - Sticks to Snakes               Transmutation                2
   c - Spider Form                    Transmutation/Poison         3
   d - Ice Form                       Ice/Transmutation            4
   e - Blade Hands                    Transmutation                5
Comestibles
 c - a bread ration


   Skills:
 + Level 1.3 Fighting
 + Level 3.4 Dodging
 + Level 6.1 Unarmed Combat
 + Level 3.8 Spellcasting
 + Level 4.0 Transmutations


You couldn't memorise any spells.
You knew the following spells:

 Your Spells              Type           Power        Failure   Level  Hunger
a - Beastly Appendage     Tmut           ##....       6%          1    #......
b - Sticks to Snakes      Tmut           ##......     10%         2    ##.....
c - Spider Form           Tmut/Pois      #.........   34%         3    ###....
d - Ice Form              Ice/Tmut       #.......     91%         4    #####..


Dungeon Overview and Level Annotations

Branches:
Dungeon (1/1)

Altars:

Annotations:
D Sigmund


Innate Abilities, Weirdness & Mutations

Your plain brown scales are hard. (AC +5)
You cannot fit into any form of body armour.
You are cold-blooded and may be slowed by cold attacks.


Message History

You feel a strong urge to attack something.
Your ball python bites something.
Something hits you.
Your adder withers and dies!
Your ball python bites something.
You bump into the stone wall.
You feel your anger subside.
You are no longer berserk.
You are exhausted.
You feel yourself slow down.
Your ball python bites something but does no damage.
Something hits your ball python!
Your ball python dies!
You hear a shout!
You bump into the stone wall.
You feel less confused. Something hits you! Something hits you!
* * * LOW HITPOINT WARNING * * *
You miss something. You miss something. Something hits you!
You die...

#############
#<.#.@{..#..+
#..'[.#..'..#
#..#####'####
#..# #..#
#..# ####
#.)# #⌠⌠#
####


There were no monsters in sight!

Vanquished Creatures
  An ogre (D)
  Ijyb (D)
2 creatures vanquished.

Notes
Turn   | Place    | Note
-------+----------+-------------------------------------------
     0 | D        | poirepourri the Draconian Transmuter began the quest for the Orb.
     0 | D        | Reached XP level 1. HP: 16/16 MP: 3/3
     3 | D        | Noticed Ijyb
    32 | D        | Killed Ijyb
    32 | D        | Reached skill level 4 in Unarmed Combat
    32 | D        | Reached XP level 2. HP: 3/23 MP: 2/5
   315 | D        | Learned a level 2 spell: Sticks to Snakes
   320 | D        | Noticed an ogre
   341 | D        | Killed an ogre
   341 | D        | Reached skill level 6 in Unarmed Combat
   341 | D        | Reached XP level 3. HP: 7/28 MP: 0/8
   341 | D        | Reached XP level 4. HP: 9/35 MP: 0/9
   686 | D        | Learned a level 3 spell: Spider Form
   691 | D        | Learned a level 4 spell: Ice Form
   710 | D        | Noticed Sigmund
   755 | D        | Slain by Sigmund

Vault maps used:
D:        dungeon_sprint_1

Skill      XL: |  1  2 |
---------------+-------+-----
Dodging        | 2 3 |  3.4
Unarmed Combat | 4 6 |  6.1
Spellcasting   | 3 |  3.8
Transmutations | 4 |  4.0
Fighting       | |  1.3

Action                   |  1- 3 |  4- 6 || total
-------------------------+-------+-------++-------
Melee: Unarmed           |    29 |     9 ||    38
       Kick              |     6 |       ||     6
       Tailslap          |     2 |       ||     2
       Punch             |     1 |     1 ||     2
 Cast: Beastly Appendage |     4 |     1 ||     5
       Sticks to Snakes  |     5 |     6 ||    11
  Use: Potion            |     1 |     2 ||     3
Armor: Skin              |     8 |     1 ||     9
Dodge: Dodged            |    11 |     4 ||    15
